 Dungeon Crawl Stone Soup version 0.28-a0-1159-g27aa881441 (webtiles) character file.

Game seed: 2234451858337528900

49 SensoryNuts the Skirmisher (level 3, -2/29 HPs)
             Began as a Demonspawn Fighter on Dec 15, 2021.
             Slain by a gnoll (5 damage)
             ... on level 3 of the Dungeon.
             The game lasted 00:02:02 (2218 turns).

SensoryNuts the Skirmisher (Demonspawn Fighter)     Turns: 2218, Time: 00:02:03

Health: -2/29      AC:  8    Str: 17 (20) XL:     3   Next: 53%
Magic:  3/3        EV:  9    Int:  7 (9)  God:
Gold:   135        SH:  4    Dex: 11 (12) Spells: 2/2 levels left

rFire   . . .      SeeInvis .   a - +0 trident
rCold   . . .      Faith    .   c - +0 buckler
rNeg    . . .      Spirit   .   b - +0 scale mail
rPois   .          Reflect  .   (no helmet)
rElec   .          Harm     .   (no cloak)
rCorr   .          Rampage  .   (no gloves)
Will    .....                   (no boots)
Stlth   ..........              (no amulet)
HPRegen 0.09/turn               (no ring)
MPRegen 0.08/turn               (no ring)

@: mighty, weak-willed, hasted, very quick
A: thin metallic scales 1, demonic touch 1, strong 1
a: no special abilities


You were on level 3 of the Dungeon.
You visited 1 branch of the dungeon, and saw 3 of its levels.

You collected 135 gold pieces.

Inventory:

Hand Weapons
 a - a +0 trident (weapon)
Armour
 b - a +0 scale mail (worn)
 c - a +0 buckler (worn)
Jewellery
 m - an amulet of the acrobat
Scrolls
 g - a scroll of enchant weapon
 i - a scroll of teleportation


   Skills:
 + Level 3.4 Fighting
 + Level 2.7 Polearms
 + Level 3.0 Armour
 + Level 2.9 Shields


You had 2 spell levels left.
You didn't know any spells.
Your spell library contained the following spells:

 Spells                   Type           Power      Damage    Failure   Level
 Ensorcelled Hibernation  Hex/Ice        0%         N/A       95%         2
 Spider Form              Tmut/Pois      0%         N/A       99%         3


Dungeon Overview and Level Annotations

Branches:
Dungeon (3/15)

Altars:
Cheibriados


Innate Abilities, Weirdness & Mutations

You are partially covered in thin metallic scales. (AC +2)
Your touch may inflict minor irresistible damage on your foes.
Your muscles are strong. (Str +2)


Message History

The gnoll hits you from afar with a +0 halberd.
You reach to attack!
You barely miss the gnoll.
The gnoll is severely wounded.
The gnoll barely misses you. x2
You closely miss the gnoll. The gnoll closely misses you.
The gnoll hits you with a +0 whip.
The gnoll hits you from afar with a +0 halberd.
You hit the gnoll.
The gnoll is moderately wounded.
You hit the gnoll but do no damage.
The gnoll is moderately wounded.
The gnoll barely misses you. You block the gnoll's attack.
The gnoll barely misses you.
You completely miss the gnoll.
The gnoll is moderately wounded.
The gnoll hits you from afar with a +0 spear.
The gnoll closely misses you. The gnoll hits you with a +0 whip.
* * * LOW HITPOINT WARNING * * *
You are too injured to fight recklessly!
You are too injured to fight recklessly!
You are too injured to fight recklessly!
You are too injured to fight recklessly!
Unknown command.
You block the gnoll's attack. The gnoll barely misses you. x2
You hit the gnoll.
The gnoll is almost dead.
The gnoll hits you with a +0 halberd.
* * * LOW HITPOINT WARNING * * *
You hit the gnoll.
You kill the gnoll!
The gnoll hits you with a +0 whip.
* * * LOW HITPOINT WARNING * * *
You feel very mighty all of a sudden.
Your shield prevents you from hitting the gnoll.
The gnoll is moderately wounded.
The gnoll barely misses you.
You hit the gnoll.
The gnoll is severely wounded.
The gnoll hits you from afar with a +0 spear.
You die...

... .. . ...
..# .##..#.
... ...... ..#
#..#.## ..#
#.#.....##..#
........#...#
.#....@#..#
.......)gg.###
..#.#....<...#
# #.#....#.#
#.##.### # ..
... .# #### ##


You could see 2 gnolls.

Vanquished Creatures
  A gnoll (D:3)
  A worm (D:2)
  3 endoplasms (D:1)
  A giant cockroach (D:1)
  3 goblins
  3 hobgoblins (D:2)
  7 jackals (D:1)
  A quokka (D:2)
  3 ball pythons
  2 bats (D:1)
  A frilled lizard (D:1)
  3 kobolds (D:1)
  5 rats
34 creatures vanquished.

Notes
Turn   | Place    | Note
-------+----------+-------------------------------------------
     0 | D:1      | SensoryNuts the Demonspawn Fighter began the quest for the
                  | Orb.
     0 | D:1      | Reached XP level 1. HP: 18/18 MP: 1/1
    10 | D:1      | Found a faded altar of an unknown god.
   270 | D:1      | Gained mutation: Your touch may inflict minor irresistible
                  | damage on your foes. [demonic ancestry]
   270 | D:1      | Reached XP level 2. HP: 14/24 MP: 2/2
  1006 | D:1      | Found a snail-covered altar of Cheibriados.
  1212 | D:2      | Gained mutation: You are partially covered in thin metallic
                  | scales. (AC +2) [demonic ancestry]
  1212 | D:2      | Reached XP level 3. HP: 29/29 MP: 3/3
  2188 | D:2      | Gained mutation: Your muscles are strong. (Str +2) [potion
                  | of mutation]
  2218 | D:3      | Slain by a gnoll

Illustrated notes

Levels and vault maps discovered:
D:1:      sevenhm_arrival_forest_fort_small_6, layout_basic,
          dreamdust_ecumenical_altar_grove, chequers_garden, minmay_tromino_mix6
D:2:      layout_basic, supply_closet_lemuel
D:3:      layout_basic, amcnicky_mini_corridor_feature

Skill      XL: |  1  2  3 |
---------------+----------+-----
Polearms       | 2 |  2.7
Armour         | 3 |  3.0
Fighting       | |  3.4
Shields        | |  2.9

Action                   || total
-------------------------++-------
Melee: Trident           ||   119
  Use: Potion            ||     6
       Scroll            ||     4
Armor: Scale mail        ||    57
Dodge: Dodged            ||    60
Block: Buckler           ||    23

Table legend: (Time is in decaauts)
 A = Elapsed time spent in this place.
 B = Non-inter-level travel time spent in this place.
 C = Inter-level travel time spent in this place.
 D = Time resting spent in this place.
 E = Time spent auto-exploring this place.
 F = Levels seen in this place.
 G = Mean time per level.
                   A        B        C        D        E       F      G
               +--------+--------+--------+--------+--------+-----+--------+
         Total |   2233 |   2181 |     52 |      0 |   1930 |   3 |  744.3 |
       Dungeon |   2233 |   2181 |     52 |      0 |   1930 |   3 |  744.3 |
               +--------+--------+--------+--------+--------+-----+--------+

Top non-repeatable levels by time:
     D:1: 1183 daAuts
     D:2: 1038 daAuts
     D:3: 11 daAuts
